 Seeded DCSS version 0.28-a0-1567-g1695149f81 (webtiles) character file.

Game seed: 641 (custom seed)

1306 knot the Cleaver (level 8, -1/58 HPs)
             Began as a Demonspawn Berserker on Jan 20, 2022.
             Was a Believer of Trog.
             Slain by a gnoll (7 damage)
             ... on level 5 of the Dungeon.
             The game lasted 00:06:22 (6766 turns).

knot the Cleaver (Demonspawn Berserker)             Turns: 6766, Time: 00:06:22

Health: -1/58      AC:  4    Str: 18    XL:     8   Next: 32%
Magic:  8/8        EV: 12    Int: 11    God:    Trog [**....]
Gold:   238        SH:  0    Dex: 18    Spells: 7/7 levels left

rFire   . . .      SeeInvis .   q - +10 club
rCold   + . .      Faith    .   (no shield)
rNeg    . . .      Spirit   .   t - +1 leather armour {rC+}
rPois   .          Reflect  .   (no helmet)
rElec   .          Harm     .   (no cloak)
rCorr   +          Rampage  .   (no gloves)
Will    ++...                   (no boots)
Stlth   +.........              (no amulet)
HPRegen 1.19/turn               h - +6 ring of dexterity
MPRegen 0.11/turn               r - ring of resist corrosion

@: lethally poisoned (-1 -> -4), strong-willed, regenerating
A: powered by death 1
a: Renounce Religion, Berserk, Trog's Hand


You were on level 5 of the Dungeon.
You worshipped Trog.
Trog was pleased with you.
You visited 2 branches of the dungeon, and saw 6 of its levels.

You collected 238 gold pieces.

Inventory:

Hand Weapons
 a - a +1 hand axe
 q - a +10 club (weapon)
Missiles
 e - 8 boomerangs (quivered)
 g - 102 stones
 i - 2 atropa-tipped darts
 l - 3 poisoned darts
 p - 25 sling bullets
Armour
 t - a +1 leather armour of cold resistance (worn)
Jewellery
 h - a +6 ring of dexterity (left hand)
 r - a ring of resist corrosion (right hand)
Scrolls
 c - 2 scrolls of identify {unknown}
 d - 2 scrolls of immolation {unknown}
 k - a scroll of teleportation {unknown}
 m - a scroll of fear {unknown}
Potions
 b - a potion of lignification {unknown}
 f - a potion of invisibility
 j - a potion of ambrosia {unknown}
 n - a potion of attraction {unknown}


   Skills:
 - Level 3.0 Fighting
 * Level 8.5 Axes
 * Level 4.4 Throwing
 - Level 1.7 Armour
 - Level 1.7 Dodging


You had 7 spell levels left.
You didn't know any spells.
Your spell library contained the following spells:

 Spells                   Type           Power      Damage    Failure   Level
 Call Canine Familiar     Summ           0%         N/A       77%         3
 Portal Projectile        Hex/Tloc       0%         N/A       77%         3
 Leda's Liquefaction      Hex/Erth       0%         N/A       99%         4


Dungeon Overview and Level Annotations

Branches:
Dungeon (5/15)             Temple (1/1) D:4

Altars:
Makhleb
Qazlal
Sif Muna
Wu Jian
The Shining One


Innate Abilities, Weirdness & Mutations

You regenerate a little health from kills.


Message History

The gnoll throws a throwing net.
The throwing net hits you.
You become entangled in the net!
You see here a throwing net.
Aiming: Iceblast
Press: ? - help, Shift-Dir - straight line, f - gnoll
Aim: a gnoll, wielding a +4 spear of venom The mass of ice explodes!
The iceblast engulfs the gnoll.
The gnoll is moderately wounded.
The iceblast engulfs the gnoll!
You kill the gnoll!
Trog accepts your kill.
The gnoll shouts!
The now-empty wand crumbles to dust.
The gnoll hits you but does no damage.
You are poisoned.
You aren't carrying any items that you can evoke.
Unknown command.
You struggle against the net.
You feel sick.
The gnoll hits you from afar with a +4 spear of venom!
You are more poisoned.
The gnoll hits you but does no damage.
You tear a large gash into the net.
* * * LOW HITPOINT WARNING * * *
You feel very sick. The gnoll barely misses you.
The gnoll hits you from afar with a +0 spear.
* * * LOW HITPOINT WARNING * * *
You rip the net and break free!
* * * LOW HITPOINT WARNING * * *
You feel very sick. The gnoll hits you but does no damage.
You are lethally poisoned!
The gnoll hits you but does no damage.
* * * LOW HITPOINT WARNING * * *
You feel very sick.
Your skin crawls.
You feel strong-willed.
* * * LOW HITPOINT WARNING * * *
You feel very sick.
The gnoll hits you from afar with a +4 spear of venom!
You die...

*,******* #####.
#.#*,,,,* #.....
#.#*,,,,#####.....
#.....,,#.........
#.##..,,#.........
#.##.#**#!........
#.##.# #.#*#.....
#.##.# #.# #.....
#@##.####.###.###.
#..........##.# #.
#gg...........###.
#g....#.#.........
#.###.#.#.......†. #.#
#.#...........
*****#.#*#.#...........
*,,,,...,..............
*****#..,..#.......###.


You could see 3 gnolls.

Vanquished Creatures
  A centaur zombie (D:5)
  Grinder (D:4)
  A black bear (D:5)
  A centaur (D:5)
  A water moccasin skeleton (D:5)
  A bullfrog zombie (D:5)
  A gnoll shaman (D:4)
  An orc priest (D:3)
  2 hounds
  A jelly (D:5)
  Ijyb (D:4)
  4 orc wizards
  7 adders
  6 gnolls
  A howler monkey skeleton (D:5)
  A white imp (D:5)
  2 ufetubi
  An adder skeleton (D:4)
  A worm (D:4)
  A dart slug (D:2)
  16 orcs
  4 bats
  8 endoplasms
  5 giant cockroaches
  3 goblins
  6 hobgoblins
  5 jackals
  6 kobolds
  2 quokkas
  8 ball pythons
  3 frilled lizards
  3 rats
105 creatures vanquished.

Vanquished Creatures (others)
  An orc wizard (D:4)
  A hobgoblin (D:4)
2 creatures vanquished.

Grand Total: 107 creatures vanquished

Notes
Turn   | Place    | Note
-------+----------+-------------------------------------------
     0 | D:1      | knot the Demonspawn Berserker began the quest for the Orb.
     0 | D:1      | Reached XP level 1. HP: 18/18 MP: 1/1
   136 | D:1      | Reached skill level 3 in Axes
   234 | D:1      | Gained mutation: You regenerate a little health from kills.
                  | [demonic ancestry]
   234 | D:1      | Reached XP level 2. HP: 24/24 MP: 2/2
   380 | D:1      | Found a faded altar of an unknown god.
  1131 | D:2      | Reached XP level 3. HP: 15/29 MP: 3/3
  1407 | D:2      | Reached skill level 4 in Axes
  2523 | D:2      | Reached XP level 4. HP: 33/35 MP: 4/4
  2741 | D:3      | Reached ** piety under Trog
  3134 | D:3      | You fall into a shaft and drop 2 floors!
  3134 | D:5      | Entered Level 5 of the Dungeon
  3273 | D:4      | Reached skill level 5 in Axes
  3449 | D:4      | Reached XP level 5. HP: 40/41 MP: 5/5
  3578 | D:4      | Found a staircase to the Ecumenical Temple.
  3762 | D:3      | Found a stormy altar of Qazlal.
  4184 | D:4      | Reached skill level 6 in Axes
  4191 | D:4      | Found an ornate altar of the Wu Jian Council.
  4194 | D:4      | Noticed Grinder
  4220 | Temple   | Entered the Ecumenical Temple
  4495 | D:4      | Paralysed by Grinder for 3 turns
  4509 | D:4      | Killed Grinder
  4510 | D:4      | Reached skill level 7 in Axes
  4510 | D:4      | Reached XP level 6. HP: 47/47 MP: 6/6
  4626 | D:4      | Reached XP level 7. HP: 44/52 MP: 7/7
  4629 | D:4      | Reached skill level 1 in Throwing
  4977 | D:4      | Noticed Ijyb
  4990 | D:4      | Killed Ijyb
  5814 | D:5      | Reached skill level 8 in Axes
  5814 | D:5      | Reached XP level 8. HP: 18/58 MP: 8/8
  6766 | D:5      | Slain by a gnoll

Illustrated notes

Levels and vault maps discovered:
D:1:      dpeg_arrival_round_b, layout_loops_corners,
          hellmonk_ecumenical_altar_heavens_door
D:2:      layout_loops_ring
D:3:      layout_rooms, nicolae_qazlal_eye_of_the_storm,
          hangedman_feature_mirror
D:4:      layout_rooms, mainiacjoe_overflow_small_starburst,
          minmay_temple_entry_large_hall, kennysheep_generic_room_6,
          uniq_grinder, uniq_ijyb
D:5:      layout_basic, grunt_dithmenos_smoke
Temple:   compressed_dpeg_circular_temple

Skill      XL: |  1  2  3  4  5  6  7  8 |
---------------+-------------------------+-----
Axes           | 3 4 5 7 8 |  8.5
Throwing       | 3 4 |  4.4
Fighting       | |  3.0
Armour         | |  1.7
Dodging        | |  1.7

Action                   |  1- 3 |  4- 6 |  7- 9 || total
-------------------------+-------+-------+-------++-------
Melee: Hand axe          |   113 |   150 |   102 ||   365
       Punch             |     2 |     3 |     3 ||     8
       Club              |       |       |    10 ||    10
Throw: Stone             |       |     2 |       ||     2
       Boomerang         |       |     7 |     6 ||    13
       Dart              |       |     4 |       ||     4
Invok: Berserk           |     2 |     6 |     5 ||    13
       Trog's Hand       |       |     4 |     1 ||     5
Evoke: Wand              |       |       |     1 ||     1
  Use: Scroll            |       |     3 |       ||     3
       Potion            |       |     3 |       ||     3
 Stab: Sleeping          |     2 |       |     1 ||     3
Armor: Animal skin       |    23 |    23 |     1 ||    47
       Ring mail         |       |       |    27 ||    27
       Leather armour    |       |       |     8 ||     8
Dodge: Dodged            |    74 |   107 |    74 ||   255

Table legend: (Time is in decaauts)
 A = Elapsed time spent in this place.
 B = Non-inter-level travel time spent in this place.
 C = Inter-level travel time spent in this place.
 D = Time resting spent in this place.
 E = Time spent auto-exploring this place.
 F = Levels seen in this place.
 G = Mean time per level.
                   A        B        C        D        E       F      G
               +--------+--------+--------+--------+--------+-----+--------+
         Total |   6893 |   6747 |    146 |   2738 |   3164 |   6 | 1148.8 |
       Dungeon |   6679 |   6533 |    146 |   2531 |   3164 |   5 | 1335.8 |
        Temple |    213 |    213 |      0 |    207 |      0 |   1 |  213.0 |
               +--------+--------+--------+--------+--------+-----+--------+

Top non-repeatable levels by time:
     D:4: 2198 daAuts
     D:2: 1620 daAuts
     D:1: 1100 daAuts
     D:3: 915 daAuts
     D:5: 843 daAuts
  Temple: 213 daAuts
